 Dungeon Crawl Stone Soup version 0.31.0-11-ge490571c62 (webtiles) character file.

Game seed: 7323116798681782465

2818 qw the Skirmisher (level 9, 1/1 HPs)
             Began as a Deep Elf Hunter on Feb 5, 2024.
             Quit the game on level 6 of the Dungeon.
             The game lasted 02:19:36 (33852 turns).

qw the Skirmisher (Deep Elf Hunter)                Turns: 33852, Time: 02:19:36

Health: 1/1        AC: 11    Str: 12    XL:     9   Next: 45%
Magic:  11/11      EV: 19    Int: 15    God:
Gold:   263        SH:  0    Dex: 24    Spells: 8/8 levels left

rFire   + . .        a - +6 shortbow (chaos)
rCold   . . .        (shield currently unavailable)
rNeg    . . .        o - +1 ring mail {rF+}
rPois   .            b - +0 helmet
rElec   .            k - +0 cloak
rCorr   .            m - +2 pair of gloves
SInv    .            (no boots)
Will    .....        i - amulet of faith
Stlth   ++           j - +6 ring of dexterity
HPRegen 0.20/turn    q - +5 ring of evasion
MPRegen 0.12/turn

%: faith
@: no status effects
A: no striking features
a: no special abilities


You were on level 6 of the Dungeon.
You visited 1 branch of the dungeon, and saw 7 of its levels.

You collected 398 gold pieces.
You spent 135 gold pieces at shops.


   Skills:
 - Level 4.0 Fighting
 - Level 14.8 Ranged Weapons
 - Level 2.2 Armour
 + Level 6.1 Dodging
 - Level 1.2 Stealth


You had 8 spell levels left.
You didn't know any spells.
Your spell library was empty.

Inventory:

Hand Weapons
 a - a +6 shortbow of chaos (weapon)
Armour
 b - a +0 helmet (worn)
 k - a +0 cloak (worn)
 m - a +2 pair of gloves (worn)
 o - a +1 ring mail of fire resistance (worn)
Jewellery
 i - an amulet of faith (around neck)
 j - a +6 ring of dexterity (left hand)
 q - a +5 ring of evasion (right hand)
Scrolls
 l - 2 scrolls of teleportation
Potions
 d - 4 potions of heal wounds
 g - a potion of enlightenment
 h - 7 potions of curing
 n - a potion of cancellation
 p - a potion of haste {unknown}

Dungeon Overview and Level Annotations

Branches:
Dungeon (7/15)             Temple (0/1) D:7

Altars:
Kikubaaqudgha
Sif Muna
Uskayaw
Wu Jian
Yredelemnul
Zin

Shops:
D:5 [


Message History

You climb upwards.
There is a stone staircase leading down here.
You climb downwards.
There is a stone staircase leading up here.
Done exploring.
What level of the Dungeon? (default 6, ? - help)
You climb upwards.
There is a stone staircase leading down here.
You climb downwards.
There is a stone staircase leading up here.
Done exploring.
What level of the Dungeon? (default 6, ? - help)
You climb upwards.
There is a stone staircase leading down here.
You climb downwards.
There is a stone staircase leading up here.
Done exploring.
What level of the Dungeon? (default 6, ? - help)
You climb upwards.
There is a stone staircase leading down here.
You climb downwards.
There is a stone staircase leading up here.
Done exploring.
What level of the Dungeon? (default 6, ? - help)
You climb upwards.
There is a stone staircase leading down here.
You climb downwards.
There is a stone staircase leading up here.
Done exploring.
What level of the Dungeon? (default 6, ? - help)
You climb upwards.
There is a stone staircase leading down here.
You climb downwards.
There is a stone staircase leading up here.
Done exploring.
What level of the Dungeon? (default 6, ? - help)
You climb upwards.
Zot's power touches on you...
HP restored.
There is a stone staircase leading down here.
33852 ||| QUITTING!
Are you sure you want to abandon this character and quit the game? (Confirm with "yes".)

######### #.......#
######.#####.########
.......# #.....@...# ########
#.......#.# ######.......#.#
#............#.#
#.####.......#.# #.#
#.......#.#
######.####.......#.#########
...........<.......[........#
######..###.########.######.#


There were no monsters in sight!

Vanquished Creatures
  Pikel (D:7)
  Maggie (D:7)
  A wraith (D:5)
  Menkaure (D:7)
  A water moccasin (D:6)
  2 orc warriors (D:7)
  An ice beast (D:5)
  2 lemures (D:7)
  2 phantoms
  A kobold brigand (D:7)
  A bullfrog (D:6)
  A gnoll sergeant (D:7)
  A scorpion (D:5)
  2 jellies (D:5)
  5 bombardier beetles
  An orc priest (D:7)
  2 hounds
  2 gnoll boudas
  A sleepcap (D:6)
  Jessica (D:2)
  Terence (D:2)
  5 iguanas
  Natasha (twice) (D:2)
  3 orc wizards
  13 gnolls
  9 adders
  4 white imps
  2 ufetubi (D:7)
  2 adder zombies (D:3)
  3 dart slugs
  2 ribbon worms
  16 orcs
  10 endoplasms
  A giant cockroach (D:1)
  8 goblins
  8 hobgoblins
  4 jackals (D:1)
  3 quokkas
  5 ball pythons
  5 bats
  A frilled lizard (D:1)
  17 kobolds
  7 rats
161 creatures vanquished.

Vanquished Creatures (collateral kills)
  An orc (D:7)
1 creature vanquished.

Grand Total: 162 creatures vanquished

Notes
Turn   | Place    | Note
-------+----------+-------------------------------------------
     0 | D:1      | qw the Deep Elf Hunter began the quest for the Orb.
     0 | D:1      | Reached XP level 1. HP: 12/12 MP: 3/3
     0 | D:1      | 0 ||| qw: Version: 0.3-a-160-g6735b56
     0 | D:1      | 0 ||| qw: Game counter: 6349
     0 | D:1      | 0 ||| qw: Melee chars always use a shield: true
     0 | D:1      | 0 ||| qw: God list: Okawaru
     0 | D:1      | 0 ||| qw: Allow faded altars: false
     0 | D:1      | 0 ||| qw: Do Orc after clearing Dungeon:15 true
     0 | D:1      | 0 ||| qw: Do second Lair branch before Depths: true
     0 | D:1      | 0 ||| qw: Lair rune preference: random
     0 | D:1      | 0 ||| qw: Goals: Normal
     0 | D:1      | 0 ||| PLANNING D:1-11
    41 | D:1      | Reached XP level 2. HP: 15/16 MP: 4/4
    65 | D:1      | Reached skill level 6 in Ranged Weapons
   201 | D:1      | Reached XP level 3. HP: 20/20 MP: 5/5
   472 | D:1      | You fall into a shaft and drop 1 floor!
   473 | D:2      | 473 ||| READING scroll labelled VEVYGI HELIPTUPNI.
   474 | D:2      | 474 ||| READING 2 scrolls labelled TOQUKU DODWA.
   474 | D:2      | 474 ||| ENCHANTING +0 shortbow.
   475 | D:2      | 475 ||| READING scroll of enchant weapon.
   475 | D:2      | 475 ||| ENCHANTING +1 shortbow.
   476 | D:2      | 476 ||| READING scroll labelled ULAWADAUNK.
   577 | D:2      | 577 ||| READING scroll labelled UWNEYTIESM.
   577 | D:2      | 577 ||| IDENTIFYING bubbling yellow potion
   578 | D:2      | 578 ||| DRINKING 2 purple potions.
   579 | D:2      | 579 ||| DRINKING 3 clear potions.
   580 | D:2      | 580 ||| DROPPING scroll of butterflies.
   697 | D:1      | 697 ||| READING 3 scrolls of enchant weapon.
   697 | D:1      | 697 ||| ENCHANTING +2 shortbow.
   698 | D:1      | 698 ||| READING 2 scrolls of enchant weapon.
   698 | D:1      | 698 ||| ENCHANTING +3 shortbow.
   699 | D:1      | 699 ||| READING scroll of enchant weapon.
   699 | D:1      | 699 ||| ENCHANTING +4 shortbow.
   825 | D:1      | Reached skill level 7 in Ranged Weapons
  1026 | D:2      | Noticed Jessica
  1030 | D:2      | Killed Jessica
  1031 | D:2      | Reached XP level 4. HP: 25/25 MP: 6/6
  1313 | D:2      | Noticed Natasha
  1326 | D:2      | Killed Natasha
  1327 | D:2      | Reached skill level 8 in Ranged Weapons
  1420 | D:2      | Noticed Natasha
  1422 | D:2      | Killed Natasha
  1423 | D:2      | Reached XP level 5. HP: 18/29 MP: 7/7
  1503 | D:2      | Noticed Terence
  1512 | D:2      | Killed Terence
  1703 | D:2      | 1703 ||| UPGRADING to +0 ring mail.
  1713 | D:2      | 1713 ||| DROPPING +0 leather armour.
  1714 | D:2      | 1714 ||| READING scroll of identify.
  1714 | D:2      | 1714 ||| IDENTIFYING scroll labelled QOJIDA QIAQIAROSCH
  1715 | D:2      | 1715 ||| READING 3 scrolls labelled OLAGUPOREV.
  1716 | D:2      | 1716 ||| READING scroll labelled BOUFOA WOSUSM.
  1717 | D:2      | 1717 ||| READING scroll labelled QIALUORACEAM.
  1718 | D:2      | 1718 ||| DROPPING scroll of amnesia.
  1719 | D:2      | 1719 ||| DROPPING 2 scrolls of fear.
  1721 | D:2      | 1721 ||| Stepping ~*~*~tactically~*~*~ (cloud).
  1799 | D:3      | 1799 ||| STAIRDANCE
  1804 | D:3      | 1804 ||| STAIRDANCE
  1823 | D:3      | 1823 ||| STAIRDANCE
  1842 | D:3      | 1842 ||| STAIRDANCE
  1854 | D:3      | 1854 ||| STAIRDANCE
  1895 | D:3      | 1895 ||| STAIRDANCE
  1926 | D:3      | Reached skill level 9 in Ranged Weapons
  2223 | D:3      | Found a faded altar of an unknown god.
  2302 | D:3      | Reached XP level 6. HP: 35/35 MP: 8/8
  2348 | D:3      | 2348 ||| READING scroll of enchant weapon.
  2348 | D:3      | 2348 ||| ENCHANTING +5 shortbow.
  2471 | D:3      | Found a basalt altar of Yredelemnul.
  2601 | D:3      | 2601 ||| READING 4 scrolls of identify.
  2601 | D:3      | 2601 ||| IDENTIFYING 3 scrolls labelled DAICREKERA
  2602 | D:3      | 2602 ||| READING 3 scrolls of brand weapon.
  2602 | D:3      | 2602 ||| BRANDING +6 shortbow.
  2603 | D:3      | 2603 ||| READING 2 scrolls of brand weapon.
  2603 | D:3      | 2603 ||| BRANDING +6 shortbow of chaos.
  2604 | D:3      | 2604 ||| READING scroll of brand weapon.
  2604 | D:3      | 2604 ||| BRANDING +6 shortbow of freezing.
  2682 | D:4      | Reached skill level 10 in Ranged Weapons
  2880 | D:4      | Found an ornate altar of the Wu Jian Council.
  2954 | D:4      | Reached skill level 3 in Dodging
  3052 | D:4      | Found an ancient bone altar of Kikubaaqudgha.
  3052 | D:4      | Found a glowing silver altar of Zin.
  3268 | D:4      | 3268 ||| UPGRADING to +0 pair of gloves.
  3273 | D:4      | 3273 ||| UPGRADING to amulet of faith.
  3278 | D:4      | 3278 ||| UPGRADING to +6 ring of dexterity.
  3279 | D:4      | 3279 ||| READING 4 scrolls of identify.
  3279 | D:4      | 3279 ||| IDENTIFYING fizzy purple potion
  3280 | D:4      | 3280 ||| READING 3 scrolls of identify.
  3280 | D:4      | 3280 ||| IDENTIFYING scroll labelled XEEFER USYELOPAMO
  3281 | D:4      | 3281 ||| READING 2 scrolls of identify.
  3281 | D:4      | 3281 ||| IDENTIFYING 2 scrolls labelled TEDOHI GUDUC
  3282 | D:4      | 3282 ||| DROPPING potion of attraction.
  3283 | D:4      | 3283 ||| DROPPING scroll of blinking.
  3287 | D:5      | Entered Level 5 of the Dungeon
  3304 | D:5      | Noticed a wraith
  3313 | D:5      | Killed a wraith
  3314 | D:5      | Reached XP level 7. HP: 29/40 MP: 9/9
  3375 | D:5      | Found a shimmering blue altar of Sif Muna.
  3977 | D:5      | Found Biatsarauf's Antique Armour Shoppe.
  3982 | D:5      | Reached skill level 11 in Ranged Weapons
  3985 | D:5      | 3985 ||| BUYING cloak (135 gold).
  3985 | D:5      | Bought a cloak for 135 gold pieces
  3985 | D:5      | 3985 ||| SHOPLISTING runed helmet (225 gold, have 104).
  3985 | D:5      | 3985 ||| SHOPLISTING runed scale mail (210 gold, have 104).
  4001 | D:5      | Reached XP level 8. HP: 44/44 MP: 10/10
  4125 | D:5      | 4125 ||| UPGRADING to +0 cloak.
  4130 | D:5      | 4130 ||| UPGRADING to +1 ring mail of fire resistance.
  4140 | D:5      | 4140 ||| DROPPING +0 ring mail.
  4141 | D:5      | 4141 ||| READING scroll of identify.
  4141 | D:5      | 4141 ||| IDENTIFYING bubbling dark potion
  4142 | D:5      | 4142 ||| READING scroll labelled FAXZIMOHEL.
  4142 | D:5      | 4142 ||| ENCHANTING +0 pair of gloves.
  4143 | D:5      | 4143 ||| DROPPING potion of brilliance.
  4240 | D:6      | 4240 ||| FLEEEEING.
  4241 | D:6      | 4241 ||| FLEEEEING.
  4242 | D:6      | 4242 ||| FLEEEEING.
  4243 | D:6      | 4243 ||| FLEEEEING.
  4248 | D:6      | 4248 ||| RETREEEEATING.
  4250 | D:6      | 4250 ||| FLEEEEING.
  4251 | D:6      | 4251 ||| FLEEEEING.
  4252 | D:6      | 4252 ||| FLEEEEING.
  4253 | D:6      | 4253 ||| FLEEEEING.
  4254 | D:6      | 4254 ||| FLEEEEING.
  4255 | D:6      | 4255 ||| FLEEEEING.
  4256 | D:6      | 4256 ||| FLEEEEING.
  4257 | D:6      | 4257 ||| FLEEEEING.
  4258 | D:6      | 4258 ||| FLEEEEING.
  4266 | D:6      | Reached skill level 12 in Ranged Weapons
  4273 | D:6      | 4273 ||| FLEEEEING.
  4279 | D:6      | 4279 ||| RETREEEEATING.
  4284 | D:6      | Reached skill level 3 in Fighting
  4810 | D:6      | 4810 ||| UPGRADING to +0 helmet.
  4815 | D:6      | 4815 ||| UPGRADING to ring of resist corrosion.
  4883 | D:7      | Noticed Menkaure
  4886 | D:7      | Killed Menkaure
  5192 | D:7      | Reached skill level 13 in Ranged Weapons
  5192 | D:7      | HP: 8/46 [poisoned by a kobold brigand (curare-tipped
                  | dart)]
  5193 | D:7      | 5193 ||| READING 3 scrolls of teleportation.
  5193 | D:7      | HP: 2/46 [poisoned by a kobold brigand (curare-tipped
                  | dart)]
  5194 | D:7      | 5194 ||| DRINKING 4 potions of heal wounds.
  5341 | D:7      | Noticed Maggie
  5351 | D:7      | Killed Maggie
  5352 | D:7      | Reached XP level 9. HP: 31/50 MP: 11/11
  5355 | D:7      | Noticed Pikel
  5358 | D:7      | 5358 ||| RETREEEEATING.
  5359 | D:7      | 5359 ||| RETREEEEATING.
  5360 | D:7      | 5360 ||| RETREEEEATING.
  5361 | D:7      | 5361 ||| RETREEEEATING.
  5377 | D:7      | Killed Pikel
  5378 | D:7      | Reached skill level 14 in Ranged Weapons
  5501 | D:7      | Reached skill level 6 in Dodging
  5517 | D:7      | Found a hide-covered altar of Uskayaw.
  5622 | D:7      | Found a staircase to the Ecumenical Temple.
  5623 | D:7      | 5623 ||| PLANNING TEMPLE
  5650 | D:7      | 5650 ||| READING scroll of enchant armour.
  5650 | D:7      | 5650 ||| ENCHANTING +1 pair of gloves.
  5832 | D:7      | 5832 ||| DROPPING scarf of harm.
  5833 | D:7      | 5833 ||| DROPPING ring of ice.
  5834 | D:7      | 5834 ||| UPGRADING to +5 ring of evasion.
  5836 | D:7      | 5836 ||| DROPPING ring of resist corrosion.
  5837 | D:7      | 5837 ||| READING scroll of identify.
  5837 | D:7      | 5837 ||| IDENTIFYING black potion
  5838 | D:7      | 5838 ||| READING scroll labelled GEIDEN CONG.
 25850 | D:6      | Glimpsed the power of Zot.
 26250 | D:6      | Glimpsed the power of Zot.
 26570 | D:6      | Glimpsed the power of Zot.
 26650 | D:6      | Touched by the power of Zot (MHP 52 -> 41)
 26651 | D:6      | Glimpsed the power of Zot.
 27051 | D:6      | Glimpsed the power of Zot.
 27371 | D:6      | Glimpsed the power of Zot.
 27450 | D:6      | Touched by the power of Zot (MHP 43 -> 33)
 27451 | D:6      | Glimpsed the power of Zot.
 27851 | D:6      | Glimpsed the power of Zot.
 28171 | D:6      | Glimpsed the power of Zot.
 28250 | D:6      | Touched by the power of Zot (MHP 35 -> 27)
 28251 | D:6      | Glimpsed the power of Zot.
 28651 | D:6      | Glimpsed the power of Zot.
 28971 | D:6      | Glimpsed the power of Zot.
 29050 | D:6      | Touched by the power of Zot (MHP 28 -> 21)
 29051 | D:6      | Glimpsed the power of Zot.
 29451 | D:6      | Glimpsed the power of Zot.
 29771 | D:6      | Glimpsed the power of Zot.
 29850 | D:6      | Touched by the power of Zot (MHP 23 -> 17)
 29851 | D:6      | Glimpsed the power of Zot.
 30251 | D:6      | Glimpsed the power of Zot.
 30571 | D:6      | Glimpsed the power of Zot.
 30650 | D:6      | Touched by the power of Zot (MHP 18 -> 12)
 30651 | D:6      | Glimpsed the power of Zot.
 31051 | D:6      | Glimpsed the power of Zot.
 31371 | D:6      | Glimpsed the power of Zot.
 31450 | D:6      | Touched by the power of Zot (MHP 13 -> 8)
 31451 | D:6      | Glimpsed the power of Zot.
 31851 | D:6      | Glimpsed the power of Zot.
 32171 | D:6      | Glimpsed the power of Zot.
 32250 | D:6      | Touched by the power of Zot (MHP 9 -> 5)
 32251 | D:6      | Glimpsed the power of Zot.
 32651 | D:6      | Glimpsed the power of Zot.
 32971 | D:6      | Glimpsed the power of Zot.
 33051 | D:6      | Touched by the power of Zot (MHP 6 -> 2)
 33052 | D:6      | Glimpsed the power of Zot.
 33452 | D:6      | Glimpsed the power of Zot.
 33772 | D:6      | Glimpsed the power of Zot.
 33851 | D:6      | Touched by the power of Zot (MHP 3 -> 1)
 33852 | D:6      | 33852 ||| QUITTING!
 33852 | D:6      | Quit the game

Levels and vault maps discovered:
D:1:      lemuel_arrival_behind_the_door_large, layout_basic
D:2:      layout_basic, grunt_decor_arrowhead, uniq_terence, uniq_natasha,
          uniq_jessica
D:3:      layout_basic, lemuel_zombie_altar_yredelemnul,
          ebering_ecumenical_altar_sacrificial, st_stairs_9
D:4:      layout_basic, nzn_wu_jian_contemplation,
          gammafunk_temple_overflow_statue
D:5:      layout_gridville, nicolae_overflow_crystal_walls, serial_shops, shop,
          kennysheep_path_1
D:6:      layout_loops_ring
D:7:      layout_loops_ring, nicolae_uskayaw_suspiria, temple_doors_cd,
          enter_bailey_5, uniq_maggie, uniq_menkaure, uniq_pikel

Skill      XL: |  1  2  3  4  5  6  7  8  9 |
---------------+----------------------------+-----
Ranged Weapons | 6 7 8 9 10 11 13 14 | 14.8
Fighting       | 2 3 4 |  4.0
Dodging        | 3 4 5 6 |  6.1
Armour         | 2 |  2.2
Stealth        | |  1.2

Action                     |  1- 3 |  4- 6 |  7- 9 || total
---------------------------+-------+-------+-------++-------
   Fire: Shortbow          |    78 |   131 |   199 ||   408
    Use: Scroll            |     8 |    12 |     6 ||    26
         Potion            |     2 |       |     1 ||     3
 Armour: Leather armour    |     3 |     3 |       ||     6
         Ring mail         |       |    27 |    40 ||    67
  Dodge: Dodged            |     6 |    35 |    47 ||    88

Table legend:
 A = Non-vault XP
 B = Vault XP
 C = Vault XP percentage of total XP
 D = Non-vault monster count
 E = Vault monster count
 F = Vault count percentage of total count
                 A         B        C        D         E       F
            +---------+---------+-------+---------+---------+-------
      Total |    2690 |    1337 |  33.2 |     144 |      16 |  10.0
            +---------+---------+-------+---------+---------+-------
        D:1 |      63 |       0 |   0.0 |      35 |       0 |   0.0
        D:2 |      91 |     115 |  55.8 |      17 |       6 |  26.1
        D:3 |     147 |      13 |   8.1 |      20 |       3 |  13.0
        D:4 |     191 |       0 |   0.0 |       5 |       0 |   0.0
        D:5 |     854 |       0 |   0.0 |      23 |       0 |   0.0
        D:6 |     561 |       0 |   0.0 |      11 |       0 |   0.0
        D:7 |     783 |    1209 |  60.7 |      33 |       7 |  17.5
            +---------+---------+-------+---------+---------+-------
